 Dungeon Crawl Stone Soup version 0.30.1-4-g462c640d31 (webtiles) character file.

Game seed: 14602329677587592318

5462 boopmooplesden the Cleaver (level 10, -4/89 HPs)
             Began as an Armataur Fighter on Sept 14, 2023.
             Was an Initiate of the Shining One.
             Slain by a two-headed ogre
             ... wielding a +0 giant club
              (12 damage)
             ... on level 10 of the Dungeon.
             The game lasted 00:14:15 (9368 turns).

boopmooplesden the Cleaver (Armataur Fighter)       Turns: 9368, Time: 00:14:15

Health: -4/89      AC: 11    Str: 28    XL:     10   Next: 41%
Magic:  10/10      EV: 10    Int:  9    God:    the Shining One [......]
Gold:   609        SH:  6    Dex: 10    Spells: 9/9 levels left

rFire   . . .        a - +2 war axe
rCold   . . .        c - +1 buckler
rNeg    + . .        B - +3 leather armour "Duadare" {Will+ Str+3 SInv}
rPois   .            (no helmet)
rElec   .            E - +0 cloak
rCorr   .            k - +0 pair of gloves
SInv    +            (no barding)
Will    +....        (no amulet)
Stlth   +            A - ring of positive energy
HPRegen 0.34/turn    (no ring)
MPRegen 0.12/turn

%: roll
@: mighty, glowing
A: large, rugged brown scales 3, deformed body, armoured tail, roll, long
tongue, awkward tongue
a: Renounce Religion


You were on level 10 of the Dungeon.
You worshipped the Shining One.
The Shining One was noncommittal.
You visited 1 branch of the dungeon, and saw 10 of its levels.
You also visited: Sewer and Ossuary.

You collected 609 gold pieces.

Inventory:

Hand Weapons
 a - a +2 war axe (weapon)
 h - a +2 whip of draining
 r - a +2 lajatang of venom
Armour
 b - a +0 scale mail
 c - a +1 buckler (worn)
 k - a +0 pair of gloves (worn)
 u - a +0 chain mail
 B - the +3 leather armour "Duadare" (worn) {Will+ Str+3 SInv}
   (You found it on level 6 of the Dungeon)

   Str:       It affects your strength (+3).
   SInv:      It lets you see invisible.
   Will:      It increases your willpower.
 E - a +0 cloak (worn)
Jewellery
 z - an amulet of magic regeneration
 A - a ring of positive energy (left hand)
 H - a +4 ring of protection
Wands
 f - a wand of polymorph (18)
 i - a wand of flame (9)
 t - a wand of paralysis (10)
 y - a wand of light (2)
 G - a wand of mindburst (19)
Scrolls
 o - 5 scrolls of teleportation
 p - a scroll of acquirement {unknown}
 q - 3 scrolls of vulnerability
 w - 3 scrolls of fear
 C - a scroll of brand weapon {unknown}
 D - 3 scrolls of identify
Potions
 e - 5 potions of degeneration
 g - 3 potions of invisibility
 j - 4 potions of resistance
 l - 3 potions of mutation
 m - a potion of cancellation {unknown}
 n - 2 potions of flight
 s - a potion of brilliance
 v - a potion of attraction
 x - 2 potions of magic {unknown}
 F - a potion of lignification {unknown}
 J - a potion of ambrosia {unknown}
Miscellaneous
 d - a tin of tremorstones (2/2)
 I - a lightning rod (1/4)


   Skills:
 + Level 6.4 Fighting
 + Level 9.0 Axes
 + Level 8.5 Armour
 + Level 3.4 Dodging
 + Level 2.2 Stealth
 + Level 6.2 Shields
 + Level 0.4 Unarmed Combat
 + Level 0.2 Evocations


You had 9 spell levels left.
You didn't know any spells.
Your spell library contained the following spells:

 Spells                   Type           Power      Damage    Failure   Level
 Freeze                   Ice            0%         1d3       45%         1
 Summon Small Mammal      Summ           0%         N/A       45%         1
 Ensorcelled Hibernation  Hex/Ice        0%         N/A       61%         2
 Momentum Strike          Conj/Tloc      0%         3d8       61%         2
 Sublimation of Blood     Necr           0%         N/A       61%         2
 Call Canine Familiar     Summ           0%         N/A       83%         3
 Frozen Ramparts          Ice            0%         1d1       83%         3
 Gell's Gravitas          Tloc           0%         N/A       83%         3
 Hailstorm                Conj/Ice       0%         3d3       83%         3
 Spider Form              Tmut/Pois      0%         N/A       83%         3
 Summon Guardian Golem    Hex/Summ       0%         N/A       83%         3
 Teleport Other           Tloc           0%         N/A       83%         3
 Anguish                  Hex/Necr       0%         N/A       99%         4
 Petrify                  Tmut/Erth      0%         N/A       99%         4
 Alistair's Intoxication  Tmut/Pois      0%         N/A       100%        5
 Irradiate                Conj/Tmut      0%         3d11      100%        5
 Dispersal                Tloc           0%         N/A       100%        6


Dungeon Overview and Level Annotations

Branches:
Dungeon (10/15)            Temple (0/1) D:6           Sewer (visited)
Ossuary (visited)
   Lair: D:8-11         Orc: D:9-12

Altars:
Dithmenos
Fedhas
The Shining One

Shops:
D:2 *   D:4 :

Annotations:
D:7 1 runed translucent door, nonceun's ghost, novice MiBe


Innate Abilities, Weirdness & Mutations

You are completely covered in rugged brown scales. (AC +3, +7% HP)
Armour fits poorly on your strangely shaped body.
You have a long armoured tail.
You roll when moving toward enemies. (Rampage)
Your long tongue fully drains potion bottles. (2x potion effects)
Your tongue gives you trouble enunciating. (1.5x scroll delay)


Message History

The kobold throws a stone.
The stone hits you but does no damage.
You roll towards the kobold!
You slash the kobold!
You kill the kobold!
You hit the kobold.
You kill the kobold!
The kobold throws a stone.
The stone barely misses you.
Okay, then.
Aiming: Thunderbolt
Press: ? - help, Shift-Dir - straight line, f - kobold
Aim: a kobold, wielding a +0 short sword The thunderbolt hits the kobold!!
You kill the kobold!
The thunderbolt hits the two-headed ogre!
The two-headed ogre is moderately wounded.
You hear a shout!
Aiming: Thunderbolt
Press: ? - help, Shift-Dir - straight line, f - two-headed ogre
Aim: a two-headed ogre, wielding two +0 giant clubs (lightly wounded)
The thunderbolt hits the two-headed ogre!
The two-headed ogre is heavily wounded.
The thunderbolt hits the kobold!!
You kill the kobold!
The two-headed ogre closely misses you. You block the two-headed ogre's attack.
You slash the two-headed ogre!
The two-headed ogre is heavily wounded.
The two-headed ogre hits you with a +0 giant club.
* * * LOW HITPOINT WARNING * * *
The two-headed ogre hits you but does no damage.
You barely miss the two-headed ogre.
The two-headed ogre is heavily wounded.
You slash the two-headed ogre!
The two-headed ogre is almost dead.
You block the two-headed ogre's attack.
The two-headed ogre hits you but does no damage.
You barely miss the two-headed ogre.
The two-headed ogre is almost dead.
The two-headed ogre hits you with a +0 giant club!
* * * LOW HITPOINT WARNING * * *
The two-headed ogre hits you with a +0 giant club!
You die...

### ... #.#
#.# #@# #O#
#)######..
#)).......
#<........
#.........
..........
##.........
#.........


You could see a two-headed ogre.

Vanquished Creatures
  Pikel (D:6)
  Maurice (D:9)
  Joseph (D:9)
  A troll (D:8)
  Grinder (D:6)
  2 wyverns
  A wraith (D:9)
  Duvessa (D:6)
  A water moccasin (D:7)
  An orc warrior (D:8)
  2 ice beasts
  2 black bears
  An ogre (D:5)
  4 wolves (D:8)
  2 centaurs (D:7)
  6 kobold brigands
  4 bullfrogs
  2 scorpions
  3 wights (D:7)
  Dowan (D:6)
  3 killer bees (D:9)
  2 howler monkeys
  2 gnoll boudas
  7 hounds
  A jelly (D:4)
  8 orc priests
  An iguana (D:4)
  A sleepcap (D:5)
  6 orc wizards
  8 mummies (Ossuary)
  Robin (D:2)
  6 adders
  10 gnolls
  2 river rats (Sewer)
  An ufetubus (D:6)
  8 worms
  20 orcs
  10 endoplasms
  20 goblins
  5 hobgoblins
  4 jackals (D:2)
  19 kobolds
  3 quokkas
  9 ball pythons
  4 bats
  A frilled lizard (D:2)
  4 gnoll zombies (Ossuary)
  3 hobgoblin zombies (Ossuary)
  An orc zombie (Ossuary)
  9 rats
217 creatures vanquished.

Notes
Turn   | Place    | Note
-------+----------+-------------------------------------------
     0 | D:1      | boopmooplesden the Armataur Fighter began the quest for the
                  | Orb.
     0 | D:1      | Reached XP level 1. HP: 19/19 MP: 1/1
   126 | D:1      | Got the Catalogue of Changed Attacks
   146 | D:1      | Reached XP level 2. HP: 26/26 MP: 2/2
   762 | D:2      | Found Ycyvy's Assorted Antiques.
   917 | D:2      | Reached XP level 3. HP: 32/32 MP: 3/3
   921 | D:2      | Reached skill level 2 in Axes
  1154 | D:2      | Reached XP level 4. HP: 40/40 MP: 4/4
  1173 | D:2      | Found a shadowy altar of Dithmenos.
  1490 | D:3      | Noticed Robin
  1511 | D:2      | Killed Robin
  1557 | D:3      | Found a glowing drain.
  1575 | Sewer    | Entered a sewer
  1608 | Sewer    | Reached skill level 3 in Axes
  1642 | Sewer    | Reached XP level 5. HP: 40/48 MP: 5/5
  1903 | Sewer    | Reached skill level 5 in Armour
  1903 | Sewer    | Reached XP level 6. HP: 18/54 MP: 6/6
  2114 | Sewer    | Reached skill level 4 in Axes
  2338 | Sewer    | Reached XP level 7. HP: 60/60 MP: 7/7
  2543 | D:3      | Found a blossoming altar of Fedhas.
  2870 | D:4      | Reached skill level 5 in Axes
  2900 | D:4      | Found Juxanoj's Book Shoppe.
  3437 | D:5      | Entered Level 5 of the Dungeon
  3611 | D:5      | Reached skill level 1 in Dodging
  3982 | D:5      | Reached XP level 8. HP: 28/70 MP: 8/8
  4698 | D:6      | Reached skill level 6 in Axes
  4706 | D:6      | Noticed Pikel
  4716 | D:6      | Killed Pikel
  4903 | D:6      | Noticed Duvessa
  4903 | D:6      | Noticed Dowan
  4916 | D:6      | Killed Duvessa
  4919 | D:6      | Killed Dowan
  5042 | D:6      | Reached skill level 5 in Shields
  5215 | D:6      | Noticed Grinder
  5234 | D:6      | Reached skill level 7 in Axes
  5245 | D:6      | Paralysed by Grinder for 5 turns
  5251 | D:6      | Killed Grinder
  5252 | D:6      | Reached XP level 9. HP: 24/78 MP: 9/9
  5425 | D:6      | Identified the +3 leather armour "Duadare" {Will+ Str+3
                  | SInv}
  5428 | D:6      | Found a staircase to the Ecumenical Temple.
  5767 | D:7      | Found a shadowy altar of Dithmenos.
  5790 | D:7      | Reached skill level 5 in Fighting
  5794 | D:7      | HP: 3/79 [orc priest/+0 flail (5)]
  6111 | D:7      | HP: 1/79 [gnoll/+0 halberd[a gnoll bouda] (14)]
  6473 | D:7      | Found a runed translucent door.
  6473 | D:7      | Noticed nonceun's ghost (novice MiBe)
  6543 | D:7      | Reached skill level 1 in Stealth
  6652 | D:7      | Reached skill level 8 in Axes
  7583 | D:8      | Found a sand-covered staircase.
  7600 | Ossuary  | Entered an ossuary
  8038 | D:8      | Reached XP level 10. HP: 51/88 MP: 10/10
  8829 | D:8      | Paralysed by a hornet for 1 turns
  8837 | D:8      | Paralysed by a hornet for 1 turns
  9053 | D:9      | Found a glowing golden altar of the Shining One.
  9082 | D:9      | Became a worshipper of the Shining One
  9196 | D:9      | Noticed a two-headed ogre
  9198 | D:9      | Noticed Joseph
  9245 | D:9      | Noticed Maurice
  9261 | D:9      | Killed Maurice
  9311 | D:9      | Killed Joseph
  9312 | D:9      | Reached skill level 9 in Axes
  9349 | D:10     | Entered Level 10 of the Dungeon
  9356 | D:10     | Noticed a two-headed ogre
  9368 | D:10     | Slain by a two-headed ogre

Illustrated notes

Levels and vault maps discovered:
D:1:      dpeg_arrival_castle, layout_loops_ring, nrook_mini_backslash,
          hangedman_feature_mirror
D:2:      layout_basic, serial_forest, infiniplex_forest_end_3,
          infiniplex_forest_end_3, infiniplex_forest_3_way,
          infiniplex_forest_straight_2, infiniplex_forest_lined_2,
          infiniplex_forest_zigzag_1, infiniplex_forest_clump_small,
          infiniplex_forest_lined_2, infiniplex_forest_corner_2, basic_altar,
          serial_shops, shop, minmay_misc_feat_square
D:3:      layout_rooms, mainiacjoe_overflow_concentric_impassable,
          cheibrodos_sewer_entry_sluice, uniq_robin
D:4:      layout_basic, serial_shops, nicolae_shop_crystal
D:5:      layout_loops_ring, glass_columns_a, chequers_serial_rivers_marsh
D:6:      layout_loops_ring, temple_hall, uniq_grinder, uniq_pikel, uniq_duvessa
D:7:      layout_layer_cave, lemuel_doored_altar, hellmonk_ghost_happy_afterlife
D:8:      layout_loops_ring, erik_lair_island, nicolae_ossuary_entry_ruins
D:9:      layout_rooms, nicolae_tso_swordbearing_angel, enter_bailey_7,
          uniq_joseph, uniq_maurice
D:10:     layout_small_grid, minitemple, orc_0_dummy, feat_on_display,
          uniq_psyche, uniq_harold, uniq_erolcha

Skill      XL: |  1  2  3  4  5  6  7  8  9 10 |
---------------+-------------------------------+-----
Armour         | 4 5 6 7 8 |  8.5
Fighting       | 3 4 5 6 |  6.4
Axes           | 2 3 4 5 7 8 9 |  9.0
Shields        | 4 5 6 |  6.2
Dodging        | 1 2 3 |  3.4
Stealth        | 1 2 |  2.2
Unarmed Combat | |  0.4
Evocations     | |  0.2

Action                     |  1- 3 |  4- 6 |  7- 9 | 10-12 || total
---------------------------+-------+-------+-------+-------++-------
  Melee: War axe           |    63 |   107 |   312 |    88 ||   570
         Tailslap          |     4 |     7 |    53 |    12 ||    76
         Unarmed           |       |    10 |       |       ||    10
  Evoke: Wand              |       |       |     2 |       ||     2
         Lightning rod     |       |       |       |     4 ||     4
    Use: Scroll            |       |     7 |    11 |     3 ||    21
         Potion            |       |     2 |    10 |     6 ||    18
 Armour: Scale mail        |    19 |    54 |    75 |       ||   148
         Skin              |       |     2 |       |       ||     2
         Chain mail        |       |       |    22 |       ||    22
         Leather armour    |       |       |    60 |    44 ||   104
  Dodge: Dodged            |    27 |    32 |   118 |    52 ||   229
  Block: Buckler           |    15 |    24 |    99 |    26 ||   164
